 Dungeon Crawl Stone Soup version 0.31-a0-251-gdc1e01ee57 (webtiles) character file.

Game seed: 11995697114247637233

42 qw the Shooter (level 3, -2/21 HPs)
             Began as a Gargoyle Hexslinger on July 12, 2023.
             Slain by Terence
             ... wielding a +0 mace
              (5 damage)
             ... on level 2 of the Dungeon.
             The game lasted 00:00:23 (883 turns).

qw the Shooter (Gargoyle Hexslinger)                 Turns: 883, Time: 00:00:24

Health: -2/21      AC:  5    Str: 11    XL:     3   Next: 54%
Magic:  0/4        EV: 12    Int: 13    God:
Gold:   80         SH:  0    Dex: 14    Spells: 3/4 levels left

rFire   . . .        Y - +2 sling
rCold   . . .        (no shield)
rNeg    + . .        c - +0 robe
rPois   inf          (no helmet)
rElec   +            (no cloak)
rCorr   .            (no gloves)
SInv    .            (no boots)
Will    .....        e - amulet of guardian spirit
Stlth   +            (no ring)
HPRegen 0.23/turn    (no ring)
MPRegen 0.09/turn

%: guardian spirit
@: no status effects
A: sickness immunity, AC +3, negative energy resistance 1, electricity
resistance, torment resistance 1, petrification resistance
a: no special abilities


You were on level 2 of the Dungeon.
You visited 1 branch of the dungeon, and saw 2 of its levels.

You collected 80 gold pieces.


Innate Abilities, Weirdness & Mutations

You are immune to sickness and miasma.
Your stone body is resilient. (AC +3)
You are immune to poison.
You resist negative energy. (rN+)
You are resistant to electric shocks. (rElec)
You are resistant to unholy torment.
You are immune to petrification.


   Skills:
 - Level 2.3 Fighting
 + Level 3.2 Ranged Weapons
 - Level 1.5 Dodging
 - Level 1.0 Spellcasting
 - Level 2.6 Hexes


You had 3 spell levels left.
You knew the following spells:

 Your Spells              Type           Power      Damage    Failure   Level
a - Slow                  Hex            28%        N/A       10%         1

Your spell library contained the following spells:

 Spells                   Type           Power      Damage    Failure   Level
 Inner Flame              Hex/Fire       4%         N/A       43%         3
 Portal Projectile        Hex/Tloc       8%         N/A       43%         3
 Cause Fear               Hex            3%         N/A       67%         4

Inventory:

Hand Weapons
 Y - a +2 sling (weapon)
Armour
 c - a +0 robe (worn)
Jewellery
 a - a ring of wizardry
 e - an amulet of guardian spirit (around neck)
Potions
 f - a potion of cancellation {unknown}
 i - a potion of enlightenment {unknown}
 j - a potion of brilliance {unknown}
 k - a potion of attraction {unknown}

Dungeon Overview and Level Annotations

Branches:
Dungeon (2/15)

Altars:

Annotations:
D:2 Terence


Message History

The sling bullet hits the giant cockroach!
You kill the giant cockroach!
You start resting.
HP restored.
Found an escape hatch in the floor.
a - a ring of wizardry Terence the Incautious comes into view.
He is wielding a +0 mace.
You shoot a sling bullet. The sling bullet hits Terence.
Terence shouts!
Terence is lightly wounded.
You shoot a sling bullet.
The sling bullet hits Terence but does no damage.
Terence is lightly wounded.
You shoot a sling bullet.
The sling bullet hits Terence but does no damage.
Terence is lightly wounded.
Terence hits you with a +0 mace. Terence barely misses you.
You shoot a sling bullet. The sling bullet hits Terence.
Terence is moderately wounded.
Terence closely misses you.
You shoot a sling bullet.
The sling bullet completely misses Terence.
Terence hits you with a +0 mace!
You shoot a sling bullet.
The sling bullet completely misses Terence.
Terence hits you but does no damage.
You shoot a sling bullet. The sling bullet barely misses Terence.
Terence hits you with a +0 mace. x2
You shoot a sling bullet.
The sling bullet closely misses Terence.
Terence hits you with a +0 mace.
You shoot a sling bullet. The sling bullet hits Terence.
Terence is severely wounded.
Terence misses you.
You shoot a sling bullet. The sling bullet barely misses Terence.
Terence closely misses you.
You shoot a sling bullet. The sling bullet hits Terence.
Terence is severely wounded.
Terence hits you with a +0 mace.
You die...

... . .. ...# ##....
....## .....# ######..#.
## #.##.# #....#...>
#..#....####.##.####.
####..#..#..............
......@..#.#####.%.#####
########@##....#...######
.>........#..#.#..#......
########.....#.#..#.#####
##.##.#....#.#
#....####)#.# ######
#...# #####


You could see Terence.

Vanquished Creatures
  A gnoll (D:1)
  2 dart slugs (D:1)
  A bat (D:1)
  5 endoplasms (D:1)
  3 giant cockroaches
  A hobgoblin (D:1)
  3 kobolds (D:1)
  A quokka (D:2)
  4 ball pythons (D:1)
  A frilled lizard (D:1)
  2 goblins
24 creatures vanquished.

Notes
Turn   | Place    | Note
-------+----------+-------------------------------------------
     0 | D:1      | qw the Gargoyle Hexslinger began the quest for the Orb.
     0 | D:1      | Reached XP level 1. HP: 12/12 MP: 2/2
     0 | D:1      | 0 ||| qw: Version: 0.3-a-52-g30416fa
     0 | D:1      | 0 ||| qw: Game counter: 6574
     0 | D:1      | 0 ||| qw: Melee chars always use a shield: true
     0 | D:1      | 0 ||| qw: God list: Okawaru
     0 | D:1      | 0 ||| qw: Allow faded altars: false
     0 | D:1      | 0 ||| qw: Do Orc after clearing Dungeon:15 true
     0 | D:1      | 0 ||| qw: Do second Lair branch before Depths: true
     0 | D:1      | 0 ||| qw: Lair rune preference: random
     0 | D:1      | 0 ||| qw: Goals: Normal
     0 | D:1      | 0 ||| PLANNING D:1-11
   110 | D:1      | 110 ||| FLEEEEING.
   112 | D:1      | 112 ||| FLEEEEING.
   138 | D:1      | Reached XP level 2. HP: 13/16 MP: 3/3
   190 | D:1      | Reached skill level 3 in Ranged Weapons
   273 | D:1      | Reached XP level 3. HP: 13/21 MP: 4/4
   756 | D:1      | 756 ||| UPGRADING to amulet of guardian spirit.
   761 | D:1      | 761 ||| READING scroll labelled IDOTZATALA.
   762 | D:1      | 762 ||| READING scroll labelled SADUKI KUWOAPSOB.
   763 | D:1      | 763 ||| READING scroll labelled YTUACRILUXT.
   764 | D:1      | 764 ||| READING scroll labelled XIG GUAJETY.
   765 | D:1      | 765 ||| DROPPING scroll of poison.
   872 | D:2      | Noticed Terence
   880 | D:2      | HP: 2/21 [Terence/+0 mace (4)]
   883 | D:2      | Slain by Terence

Levels and vault maps discovered:
D:1:      giann_forest_graveyard, layout_loops_ring, minivault_14,
          chequers_jeans
D:2:      layout_basic, basic_ecumenical_altar, serial_shops, shop,
          minivault_23, uniq_robin, uniq_terence

Skill      XL: |  1  2 |
---------------+-------+-----
Ranged Weapons | 3 |  3.2
Fighting       | 2 |  2.3
Dodging        | |  1.5
Spellcasting   | |  1.0
Hexes          | |  2.6

Action                     || total
---------------------------++-------
   Fire: Sling             ||    85
    Use: Scroll            ||     4
 Armour: Robe              ||    13
  Dodge: Dodged            ||    24

Table legend:
 A = Non-vault XP
 B = Vault XP
 C = Vault XP percentage of total XP
 D = Non-vault monster count
 E = Vault monster count
 F = Vault count percentage of total count
                 A         B        C        D         E       F
            +---------+---------+-------+---------+---------+-------
      Total |      60 |       0 |   0.0 |      24 |       0 |   0.0
            +---------+---------+-------+---------+---------+-------
        D:1 |      54 |       0 |   0.0 |      21 |       0 |   0.0
        D:2 |       6 |       0 |   0.0 |       3 |       0 |   0.0
            +---------+---------+-------+---------+---------+-------
